 Dungeon Crawl Stone Soup version 0.26-a0-259-g1effd001a9 (webtiles) character file.

Game seed: 792512926275102309

205 Apogee the Magician (level 5, -1/28 HPs)
             Began as a Deep Elf Fire Elementalist on July 17, 2020.
             Slain by an ogre
             ... wielding a +0 giant club
              (23 damage)
             ... on level 3 of the Dungeon.
             The game lasted 00:06:38 (2772 turns).

Apogee the Magician (Deep Elf Fire Elementalist)    Turns: 2772, Time: 00:06:39

Health: -1/28      AC:  8    Str:  5    XL:     5   Next: 52%
Magic:  9/14       EV: 13    Int: 27    God:
Gold:   163        SH:  0    Dex: 15    Spells: 7/14 levels left

rFire    . . .     SeeInvis .   e - +0 club
rCold    . . .     Faith    .   (no shield)
rNeg     . . .     Spirit   .   a - +0 robe
rPois    .         Reflect  .   r - +1 helmet
rElec    .         Harm     .   (no cloak)
rCorr    .                      j - +0 pair of gloves
MR       .....                  s - +2 pair of boots
Stlth    +.........             (no amulet)
HPRegen  0.09/turn              m - ring of attention (curse)
MPRegen  0.14/turn              o - +6 ring of intelligence

@: no status effects
A: no striking features
a: no special abilities


You were on level 3 of the Dungeon.
You were not hungry.

You visited 1 branch of the dungeon, and saw 3 of its levels.

You collected 163 gold pieces.

Inventory:

Hand Weapons
 e - a +0 club (weapon)
Missiles
 f - 119 stones (quivered)
Armour
 a - a +0 robe (worn)
 j - a +0 pair of gloves (worn)
 l - a +1 pair of boots
 r - a +1 helmet (worn)
 s - a +2 pair of boots (worn)
Jewellery
 m - a cursed ring of attention (left hand)
 o - a +6 ring of intelligence (right hand)
 p - an uncursed ring of protection from fire {unknown}
Scrolls
 d - 2 scrolls of identify
 i - a scroll of fog
 q - a scroll of blinking {unknown}
Potions
 b - a potion of degeneration {unknown}
 g - a potion of haste {unknown}
 h - a potion of heal wounds
 k - a potion of curing
 n - a potion of stabbing {unknown}
Comestibles
 c - 4 rations


   Skills:
 - Level 2.4 Dodging
 - Level 2.4 Stealth
 + Level 5.0 Spellcasting
 + Level 3.5 Conjurations
 + Level 4.8 Fire Magic


You had 7 spell levels left.
You knew the following spells:

 Your Spells              Type           Power        Failure   Level
a - Foxfire               Conj/Fire      ####         1%          1
b - Conjure Flame         Conj/Fire      ####....     3%          3
c - Inner Flame           Hex/Fire       ###.....     8%          3

Your spell library contained the following spells:

 Spells                   Type           Power        Failure   Level
 Corona                   Hex            #......      7%          1
 Ensorcelled Hibernation  Hex/Ice        #.....       11%         2
 Dazzling Flash           Conj/Hex       ###...       11%         3
 Sticky Flame             Conj/Fire      ####....     13%         4
 Confusing Touch          Hex            #.......     22%         3
 Tukima's Dance           Hex            #.......     22%         3
 Fireball                 Conj/Fire      ####......   34%         5


Dungeon Overview and Level Annotations

Branches:
Dungeon (3/15)

Altars:
Okawaru
Xom


Message History

Casting: Foxfire (safe; 1% risk of failure)
Confirm with . or Enter, or press ? or * to list all spells.
Okay, then.
Casting: Foxfire (safe; 1% risk of failure)
Confirm with . or Enter, or press ? or * to list all spells.
You conjure some foxfire!
The ogre hits you with a +0 giant club.
The foxfire hits the ogre!
The ogre is heavily wounded.
The foxfire hits the ogre!
The ogre is severely wounded.
Casting: Foxfire (safe; 1% risk of failure)
Confirm with . or Enter, or press ? or * to list all spells.
You conjure some foxfire!
The ogre hits you with a +0 giant club.
The foxfire hits the ogre.
The ogre is severely wounded.
The foxfire hits the ogre.
The ogre is almost dead.
The ogre hits you with a +0 giant club!!
Ouch! That really hurt!
You die...

#..............#.#
########.#.#.#.#.#
#.#...#.#.# #####
##.#.#.#.#[########....
#...................###
#..#.#.#.#.##########
#†...#...#.#..####.
####)########.# .....
#...>....@....# ...
#......##O###.# #'##
#......##Sg##.# ##..#
#......###.######8..#
#......# #.#.).....##
#......# #.†.†...).##
######## #.######8..#
#......##..#
######.##+##


You could see an ogre, a goblin and a ball python.

Vanquished Creatures
  An ogre (D:3)
  An orc wizard (D:3)
  3 adders
  An ooze (D:1)
  2 dart slugs (D:1)
  2 leopard geckos
  6 orcs (D:3)
  2 giant cockroaches
  5 goblins
  7 hobgoblins
  4 jackals (D:1)
  3 kobolds
  4 quokkas
  5 bats
  2 rats
48 creatures vanquished.

Vanquished Creatures (others)
  114 foxfires
114 creatures vanquished.

Grand Total: 162 creatures vanquished

Notes
Turn   | Place    | Note
-------+----------+-------------------------------------------
     0 | D:1      | Apogee the Deep Elf Fire Elementalist began the quest for
                  | the Orb.
     0 | D:1      | Reached XP level 1. HP: 10/10 MP: 6/6
   169 | D:1      | Reached XP level 2. HP: 4/15 MP: 1/8
   928 | D:2      | Reached XP level 3. HP: 19/19 MP: 7/10
  1141 | D:2      | Learned a level 3 spell: Conjure Flame
  1851 | D:3      | Reached skill level 4 in Spellcasting
  1928 | D:3      | Found an iron altar of Okawaru.
  1982 | D:3      | Reached XP level 4. HP: 19/24 MP: 7/12
  2336 | D:3      | Noticed an ogre
  2346 | D:3      | Killed an ogre
  2346 | D:3      | Reached skill level 5 in Spellcasting
  2346 | D:3      | Reached XP level 5. HP: 25/28 MP: 8/14
  2433 | D:3      | Learned a level 3 spell: Inner Flame
  2488 | D:3      | Found a shimmering altar of Xom.
  2752 | D:3      | Noticed an ogre
  2772 | D:3      | Slain by an ogre

Illustrated notes

Levels and vault maps discovered:
D:1:      lightli_iron_boxes, layout_rooms, minmay_tromino_i4
D:2:      layout_basic, serial_bayou, serial_bayou_pond_a, serial_bayou_pond_a,
          serial_bayou_lagoon_a, serial_bayou_pond_c, dk_noncrumbling_2,
          grunt_ministairs_2
D:3:      minmay_chambers_of_twos, layout_basic, okawaru_altar_gauntlet_db,
          lemuel_crystal_altar

Skill      XL: |  1  2  3  4 |
---------------+-------------+-----
Conjurations   | 2 3 |  3.5
Spellcasting   | 4 5 |  5.0
Fire Magic     | 4 |  4.8
Dodging        | |  2.4
Stealth        | |  2.4

Action                   |  1- 3 |  4- 6 || total
-------------------------+-------+-------++-------
Melee: Club              |     9 |       ||     9
Throw: Stone             |     1 |       ||     1
 Cast: Foxfire           |    44 |    26 ||    70
       Conjure Flame     |       |     1 ||     1
       Inner Flame       |       |     1 ||     1
  Use: Scroll            |     8 |       ||     8
       Potion            |     2 |       ||     2
  Eat: Ration            |     1 |     1 ||     2
Armor: Robe              |    10 |     9 ||    19
Dodge: Dodged            |    21 |    18 ||    39

Table legend:
 A = Non-vault XP
 B = Vault XP
 C = Vault XP percentage of total XP
 D = Non-vault monster count
 E = Vault monster count
 F = Vault count percentage of total count
                 A         B        C        D         E       F
            +---------+---------+-------+---------+---------+-------
      Total |     266 |      27 |   9.2 |      35 |      13 |  27.1
            +---------+---------+-------+---------+---------+-------
        D:1 |      34 |       4 |  10.5 |      13 |       2 |  13.3
        D:2 |      20 |       3 |  13.0 |       4 |       2 |  33.3
        D:3 |     212 |      20 |   8.6 |      18 |       9 |  33.3
            +---------+---------+-------+---------+---------+-------
